 Dungeon Crawl Stone Soup version 0.18.1-6-gd335043 (webtiles) character file.

2552 inmateoo the Grappler (level 9, -7/88 HPs)
             Began as a Pale Draconian Transmuter on May 15, 2016.
             Was a Priest of Makhleb.
             Mangled by a hill giant
             ... wielding a +0 giant spiked club
              (25 damage)
             ... on level 7 of the Dungeon.
             The game lasted 00:13:29 (7925 turns).

inmateoo the Grappler (Pale Draconian Transmuter)   Turns: 7925, Time: 00:13:29

Health: -7/88      AC:  5    Str: 16    XL:     9   Next: 31%
Magic:  13/15      EV: 12    Int: 13    God:    Makhleb [***...]
Gold:   465        SH:  0    Dex: 14    Spells: 4 memorised, 6 levels left

rFire  x . .     SeeInvis .       - Unarmed
rCold  + + +     Gourm    .     (armour unavailable)
rNeg   . . .     Faith    +     (shield currently unavailable)
rPois  +         Spirit   .     (helmet currently unavailable)
rElec  .         Dismiss  .     (cloak currently unavailable)
rCorr  .         Reflect  .     (gloves currently unavailable)
SustAt .         Harm     .     (boots currently unavailable)
MR     +....     Rnd*Rage +     v - amulet of faith
Stlth  +.........               (no ring)
                                (no ring)

@: lethally poisoned (-7 -> -7), ice-form, somewhat resistant to hostile
enchantments, very unstealthy
A: (breathe steam), unfitting armour, (fangs 0), agile 1, berserk 1, magic
resistance 1, (cold-blooded), AC +7
a: End Transformation, Minor Destruction, Lesser Servant of Makhleb, Renounce
Religion


You were on level 7 of the Dungeon.
You worshipped Makhleb.
Makhleb was most pleased with you.
You were very hungry.
You were a creature of crystalline ice.
You visited 1 branch of the dungeon, and saw 7 of its levels.

You collected 465 gold pieces.

Inventory:

Hand Weapons
 e - a +2 whip of electrocution
Missiles
 a - 111 arrows
Armour
 u - a +2 pair of gloves (melded)
Jewellery
 v - an amulet of faith (around neck)
Wands
 z - a wand of lightning (6/15)
Scrolls
 i - 5 scrolls of remove curse
 n - a scroll of fog
 r - a scroll of fear
 A - 2 scrolls of recharging
 B - a scroll of teleportation
Potions
 d - a potion of invisibility
 g - a potion of berserk rage
 h - 3 potions of curing
 j - a potion of degeneration {unknown}
 l - 4 potions of heal wounds {unknown}
 m - a potion of cancellation
 p - 3 potions of lignification
 q - a potion of haste
 t - a potion of magic {unknown}
 x - a potion of flight {unknown}
Books
 b - a book of Changes

   Spells                             Type                      Level
   a - Beastly Appendage              Transmutation                1
   b - Sticks to Snakes               Transmutation                2
   c - Spider Form                    Transmutation/Poison         3
   d - Ice Form                       Ice/Transmutation            4
   e - Blade Hands                    Transmutation                5
 s - a book of Fire

   Spells                             Type                      Level
   a - Ignite Poison                  Fire/Transmutation/Poison    3
   b - Fireball                       Conjuration/Fire             5
   c - Bolt of Fire                   Conjuration/Fire             6
   d - Delayed Fireball               Conjuration/Fire             7
   e - Ring of Flames                 Charms/Fire                  7
 w - a book of Spatial Translocations

   Spells                             Type                      Level
   a - Apportation                    Translocation                1
   b - Blink                          Translocation                2
   c - Shroud of Golubria             Charms/Translocation         2
   d - Portal Projectile              Translocation                3
   e - Teleport Other                 Translocation                3
   f - Passage of Golubria            Translocation                4
Comestibles
 c - 5 bread rations
 f - a slice of pizza
 o - 2 fruits


   Skills:
 + Level 5.4 Fighting
 + Level 4.9 Dodging
 * Level 8.1 Unarmed Combat
 + Level 4.1 Spellcasting
 + Level 5.0 Transmutations
 + Level 3.5 Ice Magic


You had 6 spell levels left.
You knew the following spells:

 Your Spells              Type           Power        Failure   Level  Hunger
a - Beastly Appendage     Trmt           ###...       2%          1    None
b - Sticks to Snakes      Trmt           ###.....     4%          2    ##.....
c - Spider Form           Trmt/Pois      #.........   21%         3    ###....
d - Ice Form              Ice/Trmt       ##......     38%         4    ####...


Dungeon Overview and Level Annotations

Branches:
Dungeon (7/15)             Temple (0/1) D:4

Altars:
Cheibriados
Dithmenos
Fedhas
Makhleb
Qazlal
Ru
Sif Muna
Zin

Shops:
D:4 (

Annotations:
D:3 exclusion: oklob plant


Innate Abilities, Weirdness & Mutations

((You can breathe blasts of scalding, opaque steam.))
((Your pale cyan-grey scales are hard (AC +7).))
Your body does not fit into most forms of armour.
((You are cold-blooded and may be slowed by cold attacks.))
((You have very sharp teeth.))
You are agile. (Dex +2)
You tend to lose your temper in combat.
You are resistant to hostile enchantments.


Message History

The hill giant is severely wounded.
Unknown command.
Drink which item? (? for menu, Esc to quit)
Okay, then.
You feel sick.
You feel sick.
You feel sick.
There is a stone staircase leading down here. 2 orcs come into view.
The orc shouts!
Evoke which item? (* to show all) (? for menu, Esc to quit)
Okay, then.
Evoke which item? (* to show all) (? for menu, Esc to quit)
You have no means to grasp a wand firmly enough.
The orc shouts!
You hit the hill giant. You freeze the hill giant.
The hill giant is severely wounded.
You feel sick.
The hill giant hits you with a giant spiked club!!
You die...

#.##### #....# #. .?.####
#....# #.##..... .pp..#
##..#....####%) #....#
..y...........# #Kp..#
#.##.<..p.### #.)..#
#<##....#...####....#
#.......###....#.p.%#
######.[.YCyh#...####
..##...####..##..#
#o.o..[<####.###.#
..####..hy.#.###.########
#.###.........##...#
#.....h##..........#
######.#####.......# #.#
#.....=.# #.. #.......#


You could see a hill giant, a killer bee, 2 orcs and a jackal.

Vanquished Creatures
  Pikel (D:6)
  Menkaure (D:6)
  3 ice beasts
  An orc warrior (D:5)
  2 phantoms (D:6)
  An ogre (D:6)
  3 centaurs
  A giant frog (D:6)
  A wyvern zombie (D:6)
  A water moccasin zombie (D:5)
  3 jellies
  4 wights (D:5)
  2 crimson imps (D:5)
  A giant frog zombie (D:5)
  A centaur zombie (D:6)
  A hound (D:2)
  2 orc priests
  An iguana (D:5)
  A giant frog skeleton (D:5)
  2 orc wizards
  4 worker ants
  A hound zombie (D:6)
  A hound skeleton (D:4)
  3 adders
  A shadow imp (D:5)
  2 adder zombies (D:5)
  3 worms (D:3)
  3 dart slugs
  2 giant geckos
  13 orcs
  9 giant cockroaches
  10 goblins
  6 hobgoblins
  21 jackals
  9 kobolds
  A quokka (D:5)
  A ball python (D:3)
  A ball python skeleton (D:4)
  7 bats
  A giant gecko skeleton (D:4)
  2 giant gecko zombies
  3 giant newts
  A jackal skeleton (D:4)
  A quokka skeleton (D:4)
  13 rats
  A plant (D:3)
153 creatures vanquished.

Vanquished Creatures (collateral kills)
  An iguana (D:4)
  A hound skeleton (D:4)
2 creatures vanquished.

Vanquished Creatures (others)
  2 slaves (D:7)
  A killer bee (D:7)
  A plant (D:3)
4 creatures vanquished.

Grand Total: 159 creatures vanquished

Notes
Turn   | Place    | Note
--------------------------------------------------------------
     0 | D:1      | inmateoo the Draconian Transmuter began the quest for the Orb.
     0 | D:1      | Reached XP level 1. HP: 16/16 MP: 3/3
   281 | D:1      | Reached XP level 2. HP: 24/24 MP: 5/5
   816 | D:1      | Reached XP level 3. HP: 22/29 MP: 6/6
  1279 | D:2      | Found a burning altar of Makhleb.
  1298 | D:2      | Reached skill level 4 in Unarmed Combat
  1298 | D:2      | Reached XP level 4. HP: 18/36 MP: 7/7
  1319 | D:2      | Became a worshipper of Makhleb the Destroyer
  1558 | D:2      | Learned a level 2 spell: Sticks to Snakes
  1562 | D:2      | Learned a level 3 spell: Spider Form
  1599 | D:2      | Found a stormy altar of Qazlal.
  1841 | D:3      | Noticed an ogre
  1928 | D:3      | Reached * piety under Makhleb
  2121 | D:3      | Found a snail-covered altar of Cheibriados.
  2121 | D:3      | Found a faded altar to an unknown god.
  2170 | D:3      | Found a sacrificial altar of Ru.
  2175 | D:3      | Found a shadowy altar of Dithmenos.
  2375 | D:3      | Found a blossoming altar of Fedhas.
  2381 | D:3      | Reached XP level 5. HP: 42/42 MP: 8/8
  2396 | D:3      | Noticed an oklob plant
  2455 | D:3      | Found a deep blue altar of Sif Muna.
  2771 | D:3      | Reached ** piety under Makhleb
  2894 | D:3      | Reached skill level 5 in Unarmed Combat
  3213 | D:4      | Found Ystrang's Weapon Shop.
  3219 | D:4      | Noticed Menkaure
  3543 | D:4      | Reached XP level 6. HP: 47/51 MP: 3/9
  3563 | D:4      | Found a staircase to the Ecumenical Temple.
  4284 | D:4      | Gained mutation: Your muscles are strong. (Str +2) [potion of mutation]
  4284 | D:4      | Gained mutation: You tend to lose your temper in combat. [potion of mutation]
  4284 | D:4      | Gained mutation: You are resistant to hostile enchantments. [potion of mutation]
  4285 | D:4      | Gained mutation: You are agile. (Dex +2) [potion of mutation]
  4285 | D:4      | Gained mutation: You have very sharp teeth. [potion of mutation]
  4292 | D:5      | Entered Level 5 of the Dungeon
  4780 | D:5      | Your scales start taking on a pale cyan-grey colour.
  4780 | D:5      | Reached XP level 7. HP: 13/58 MP: 8/10
  5372 | D:5      | HP: 2/58 [worker ant (5)]
  5694 | D:5      | Reached skill level 6 in Unarmed Combat
  6223 | D:6      | Learned a level 4 spell: Ice Form
  6268 | D:6      | Found a glowing silver altar of Zin.
  6456 | D:5      | Reached skill level 1 in Ice Magic
  6492 | D:5      | Reached XP level 8. HP: 52/67 MP: 12/12
  6832 | D:6      | Reached *** piety under Makhleb
  6943 | D:6      | Reached skill level 7 in Unarmed Combat
  7212 | D:6      | Reached skill level 5 in Fighting
  7501 | D:7      | Lost mutation: Your muscles are strong. (Str +2) [potion of mutation]
  7520 | D:7      | Noticed a hill giant
  7521 | D:7      | Noticed Pikel
  7548 | D:6      | Killed Menkaure
  7548 | D:6      | Reached XP level 9. HP: 46/74 MP: 14/14
  7804 | D:6      | Killed Pikel
  7804 | D:6      | Reached skill level 8 in Unarmed Combat
  7804 | D:6      | Reached skill level 5 in Transmutations
  7925 | D:7      | Mangled by a hill giant

Skill      XL: |  1  2  3  4  5  6  7  8  9 |
---------------+----------------------------+-----
Dodging        | 2 3 4 |  4.9
Fighting       | 2 3 4 5 |  5.4
Unarmed Combat | 4 5 6 7 8 |  8.1
Transmutations | 3 4 5 |  5.0
Spellcasting   | 3 4 |  4.1
Ice Magic      | 1 3 |  3.5

Action                   |  1- 3 |  4- 6 |  7- 9 || total
-------------------------+-------+-------+-------++-------
Melee: Unarmed           |   153 |   325 |   217 ||   695
       Tailslap          |    11 |    33 |    33 ||    77
       Kick              |     5 |     9 |     4 ||    18
       Punch             |     2 |     1 |     3 ||     6
       Headbutt          |       |    13 |     7 ||    20
       Bite              |       |     6 |    35 ||    41
 Cast: Beastly Appendage |     6 |    16 |     6 ||    28
       Sticks to Snakes  |       |     6 |       ||     6
       Ice Form          |       |       |     1 ||     1
 Abil: Breathe Steam     |       |       |    13 ||    13
  Use: Scroll            |     1 |    11 |     7 ||    19
       Potion            |       |     3 |     3 ||     6
 Stab: Sleeping          |     2 |       |     4 ||     6
       Distracted        |       |     1 |       ||     1
  Eat: Chunk             |     1 |    11 |     7 ||    19
       Pizza             |       |     1 |       ||     1
       Beef jerky        |       |       |     2 ||     2
       Fruit             |       |       |     2 ||     2
Armor: Skin              |    54 |    87 |    49 ||   190
Dodge: Dodged            |   115 |   170 |   146 ||   431
